 Dungeon Crawl Stone Soup version 0.28-a0-425-gd0eccab798 (webtiles) character file.

Game seed: 11318043225405980638

18866 exoticroomba the Severer (level 12, -2/110 HPs)
             Began as a Hill Orc Fighter on Sept 9, 2021.
             Was a Believer of Wu Jian.
             Slain by a nine-headed hydra (11 damage)
             ... on level 2 of the Lair of Beasts.
             The game lasted 01:18:09 (15066 turns).

exoticroomba the Severer (Hill Orc Fighter)        Turns: 15066, Time: 01:18:09

Health: -2/110     AC: 10    Str: 30    XL:     12   Next: 63%
Magic:  12/12      EV: 11    Int:  8    God:    Wu Jian [**....]
Gold:   485        SH:  0    Dex: 10    Spells: 11/11 levels left

rFire   . . .      SeeInvis .   l - +0 hand crossbow
rCold   . . .      Faith    .   (no shield)
rNeg    . . .      Spirit   .   b - +0 scale mail
rPois   +          Reflect  .   (no helmet)
rElec   .          Harm     .   (no cloak)
rCorr   .          Rampage  .   j - +0 pair of gloves
Will    .....                   (no boots)
Stlth   ..........              e - amulet of regeneration
HPRegen 1.28/turn               h - ring of poison resistance
MPRegen 0.13/turn               F - +6 ring of strength

@: about to teleport
A: no striking features
a: Renounce Religion, Wall Jump


You were on level 2 of the Lair of Beasts.
You worshipped Wu Jian.
Wu Jian was pleased with you.
You visited 2 branches of the dungeon, and saw 14 of its levels.

You collected 724 gold pieces.
You spent 239 gold pieces at shops.

Inventory:

Hand Weapons
 c - a +3 vorpal shortbow
 k - a +4 battleaxe
 l - a +0 hand crossbow (weapon)
 u - the +1 mace of Destiny {drain, rElec Int-2 Dex+8 Stlth+}
   (You took it off a kobold brigand on level 8 of the Dungeon)

   A truly terrible weapon, it drains the life of any living foe it strikes.
   Int:       It affects your intelligence (-2).
   Dex:       It affects your dexterity (+8).
   rElec:     It insulates you from electricity.
   Stlth:     It makes you more stealthy.
 D - a +1 short sword of venom
 G - a +0 triple crossbow
 L - a +2 whip of venom
 R - a +3 vorpal trident
 T - a +0 eveningstar
Missiles
 m - 562 stones
 n - 118 arrows
 x - 33 bolts (quivered ammo)
 H - 2 throwing nets
 P - 28 poisoned darts
Armour
 b - a +0 scale mail (worn)
 j - a +0 pair of gloves (worn)
 w - a +2 robe
 E - a +0 scale mail
Magical Staves
 q - a staff of conjuration
 B - a staff of earth
Jewellery
 a - an amulet of magic regeneration
 e - an amulet of regeneration (around neck)
 h - a ring of poison resistance (left hand)
 y - a ring of poison resistance
 F - a +6 ring of strength (right hand)
 O - a ring of fire
Wands
 t - a wand of acid (8)
 z - a wand of paralysis (3)
 N - a wand of flame (5)
Scrolls
 i - 2 scrolls of amnesia
 o - 2 scrolls of noise
 s - 2 scrolls of identify
 A - a scroll of enchant armour {unknown}
 J - 2 scrolls of enchant weapon
 M - 3 scrolls of blinking
 S - a scroll of fear
 V - a scroll of fog {unknown}
 X - a scroll of silence
Potions
 d - 2 potions of might
 f - a potion of flight
 g - 5 potions of curing
 r - a potion of magic
 v - 2 potions of brilliance
 C - a potion of invisibility
 I - a potion of cancellation
 Q - a potion of mutation
 U - a potion of degeneration {unknown}
 W - a potion of heal wounds
 Y - a potion of resistance {unknown}
Miscellaneous
 K - a piece from Xom's chessboard (15/15)


   Skills:
 + Level 11.1 Fighting
 + Level 16.5 Axes
 + Level 0.9 Throwing
 + Level 10.8 Armour
 + Level 4.2 Dodging
 + Level 2.0 Stealth
 + Level 6.2 Shields
 + Level 3.4 Evocations


You had 11 spell levels left.
You didn't know any spells.
Your spell library contained the following spells:

 Spells                   Type           Power      Damage    Failure   Level
 Animate Skeleton         Necr           0%         N/A       61%         1
 Magic Dart               Conj           0%         1d3       61%         1
 Pain                     Necr           0%         1d4       61%         1
 Searing Ray              Conj           0%         2d4       75%         2
 Slow                     Hex            0%         N/A       75%         2
 Sublimation of Blood     Necr           0%         N/A       75%         2
 Confusing Touch          Hex            0%         N/A       93%         3
 Tukima's Dance           Hex            0%         N/A       93%         3
 Vampiric Draining        Necr           0%         2d6       93%         3
 Fulminant Prism          Conj/Hex       0%         3d6       100%        4
 Leda's Liquefaction      Hex/Erth       0%         N/A       100%        4
 Olgreb's Toxic Radiance  Pois           0%         N/A       100%        4
 Passage of Golubria      Tloc           N/A        N/A       100%        4
 Petrify                  Tmut/Erth      0%         N/A       100%        4
 Fireball                 Conj/Fire      0%         3d3       100%        5
 Irradiate                Conj/Tmut      0%         3d13      100%        5
 Lee's Rapid Deconstruct  Erth           0%         3d5*      100%        5
 Yara's Violent Unravell  Hex/Tmut       0%         3d3       100%        5
 Starburst                Conj/Fire      0%         6d3       100%        6
 Statue Form              Tmut/Erth      0%         N/A       100%        6
 Ozocubu's Refrigeration  Ice            0%         4d5       100%        7
 Ignition                 Fire           0%         3d3       100%        8


Dungeon Overview and Level Annotations

Branches:
Dungeon (11/15)            Temple (0/1) D:7            Lair (3/6) D:10
  Swamp: Lair:2-4    Shoals: Lair:2-4     Snake: Lair:2-4    Spider: Lair:2-4
    Orc: D:9-12

Altars:
Ashenzari
Fedhas
Makhleb
Okawaru
Ru
Trog
Vehumet
Wu Jian
Xom
Yredelemnul

Shops:
D:5 ?

Annotations:
D:3 2 transporters, ZeuX's ghost, amateur SpWr
D:9 2 transporters, Zigma's ghost, journeyman DrTm
Lair:2 1 runed translucent door, herdos3's ghost, journeyman MiBe


Message History

The nine-headed hydra is moderately wounded.
The nine-headed hydra bites you!
The nine-headed hydra closely misses you.
The nine-headed hydra bites you but does no damage.
The nine-headed hydra bites you.
* * * LOW HITPOINT WARNING * * *
The nine-headed hydra bites you!
* * * LOW HITPOINT WARNING * * *
The nine-headed hydra bites you.
* * * LOW HITPOINT WARNING * * *
The nine-headed hydra bites you.
* * * LOW HITPOINT WARNING * * *
The nine-headed hydra bites you.
* * * LOW HITPOINT WARNING * * *
The nine-headed hydra bites you!
* * * LOW HITPOINT WARNING * * *
There is a stone staircase leading up here.
Really attack while wielding your +0 hand crossbow?
Okay, then.
As you read the scroll of teleportation, it crumbles to dust.
You feel strangely unstable.
The nine-headed hydra barely misses you.
The nine-headed hydra bites you but does no damage. x2
The nine-headed hydra bites you!
* * * LOW HITPOINT WARNING * * *
The nine-headed hydra bites you!
* * * LOW HITPOINT WARNING * * *
The nine-headed hydra bites you but does no damage.
The nine-headed hydra bites you!
* * * LOW HITPOINT WARNING * * *
The nine-headed hydra completely misses you.
The nine-headed hydra misses you.
Really attack while wielding your +0 hand crossbow?
Okay, then.
Unknown command.
The nine-headed hydra closely misses you.
The nine-headed hydra bites you but does no damage. x2
The nine-headed hydra barely misses you.
The nine-headed hydra bites you!
You die...

#...#............###..
#................#....
#.....................
#....#........#.......
##..#........#.#......
##..######....##..#...
#...#######..####.....
##...P..# #### #...##
#....@..#### #..####
##....D....# #...
#..........######..
#........<..##.##..
#PP..(........## #.# #
###..........## ##..##
#...........###..#..
#..........## .#....
##...#.......# .....


You could see a nine-headed hydra.

Vanquished Creatures
  A rakshasa (D:8)
  4 two-headed ogres
  A deep elf pyromancer (D:8)
  A cyclops (D:8)
  A mana viper (shapeshifter) (D:8)
  A manticore (D:8)
  A black mamba (Lair:1)
  Maurice (D:10)
  2 gargoyles (D:10)
  Psyche (D:10)
  5 cane toads (Lair:1)
  2 komodo dragons
  4 trolls
  A jumping spider (Lair:3)
  A shadow (D:8)
  2 wraiths (D:10)
  3 wyverns
  19 yaks
  2 steam dragons (D:8)
  2 basilisks
  Menkaure (D:6)
  9 water moccasins
  5 orc warriors
  A black bear (D:8)
  A necrophage (D:6)
  An ice beast (D:7)
  4 ogres
  A centaur (D:10)
  4 kobold brigands
  2 gnoll sergeants
  11 bullfrogs
  2 scorpions
  2 water moccasin skeletons (D:5)
  4 killer bees (D:9)
  9 wights (D:8)
  8 howler monkeys
  A centaur zombie (D:8)
  2 orc priests
  A bullfrog skeleton (D:6)
  2 gnoll shamans
  3 hounds
  2 jellies
  2 iguanas
  Ijyb (D:4)
  7 orc wizards
  A hound zombie (D:5)
  7 howler monkey zombies
  20 gnolls
  5 adders
  2 shadow imps (D:8)
  A white imp (D:8)
  An ufetubus (D:5)
  An adder skeleton (D:4)
  A worm (D:7)
  2 dart slugs
  31 orcs
  12 ball pythons
  8 endoplasms
  3 giant cockroaches
  2 hobgoblins
  7 jackals
  15 kobolds
  2 quokkas
  8 bats
  4 frilled lizards
  8 goblins
  8 rats
290 creatures vanquished.

Vanquished Creatures (others)
  43 fungi
  65 plants
108 creatures vanquished.

Grand Total: 398 creatures vanquished

Notes
Turn   | Place    | Note
-------+----------+-------------------------------------------
     0 | D:1      | exoticroomba the Hill Orc Fighter began the quest for the
                  | Orb.
     0 | D:1      | Reached XP level 1. HP: 19/19 MP: 1/1
   240 | D:1      | Reached XP level 2. HP: 18/27 MP: 2/2
   665 | D:2      | Reached skill level 3 in Axes
   665 | D:2      | Reached XP level 3. HP: 32/33 MP: 3/3
   805 | D:2      | Found a faded altar of an unknown god.
  1216 | D:2      | Reached XP level 4. HP: 40/40 MP: 4/4
  1520 | D:3      | Reached skill level 4 in Axes
  1633 | D:2      | Reached skill level 1 in Dodging
  1666 | D:3      | Reached XP level 5. HP: 46/46 MP: 5/5
  2083 | D:3      | Found a transporter.
  2090 | D:3      | Noticed an ogre
  2091 | D:3      | Noticed ZeuX's ghost (amateur SpWr)
  2091 | D:3      | Noticed an ogre
  2096 | D:3      | Reached skill level 5 in Axes
  2103 | D:3      | Found a transporter.
  2271 | D:4      | Reached XP level 6. HP: 53/53 MP: 6/6
  2317 | D:4      | Found a blossoming altar of Fedhas.
  2449 | D:4      | Found a radiant altar of Vehumet.
  2512 | D:4      | Noticed Ijyb
  3103 | D:4      | Paralysed by Ijyb for 5 turns
  3120 | D:4      | Killed Ijyb
  3652 | D:5      | Entered Level 5 of the Dungeon
  3683 | D:5      | Reached skill level 6 in Axes
  3739 | D:5      | Reached skill level 5 in Armour
  3743 | D:5      | Reached XP level 7. HP: 47/60 MP: 7/7
  3896 | D:5      | Reached skill level 5 in Fighting
  3997 | D:5      | Reached skill level 7 in Axes
  4046 | D:5      | Found an iron altar of Okawaru.
  4279 | D:5      | Found a burning altar of Makhleb.
  4341 | D:5      | Found a basalt altar of Yredelemnul.
  4341 | D:5      | Found a sacrificial altar of Ru.
  4415 | D:5      | Became a worshipper of Ru the Awakened
  4526 | D:5      | Found Qipef's Magic Scroll Shop.
  4534 | D:5      | Bought a scroll of teleportation for 45 gold pieces
  4534 | D:5      | Bought a scroll of identify for 30 gold pieces
  4572 | D:5      | Reached skill level 8 in Axes
  4789 | D:6      | Reached XP level 8. HP: 69/69 MP: 8/8
  4803 | D:6      | Noticed Menkaure
  4814 | D:6      | Killed Menkaure
  4958 | D:6      | Reached skill level 9 in Axes
  5399 | D:5      | Bought a scroll of enchant weapon for 112 gold pieces
  5399 | D:5      | Bought a scroll of fear for 52 gold pieces
  5600 | D:6      | Found a broken altar of Ashenzari.
  5669 | D:7      | Reached skill level 10 in Axes
  5792 | D:7      | Reached skill level 1 in Evocations
  5792 | D:7      | Reached XP level 9. HP: 45/78 MP: 9/9
  6077 | D:7      | Found a staircase to the Ecumenical Temple.
  6412 | D:7      | Reached skill level 11 in Axes
  6518 | D:7      | Noticed a moth of wrath
  6522 | D:7      | Found a bloodstained altar of Trog.
  7274 | D:8      | Noticed a deep elf pyromancer
  7283 | D:8      | Noticed a troll
  7482 | D:9      | Reached skill level 12 in Axes
  7482 | D:9      | Found a transporter.
  7506 | D:9      | Reached XP level 10. HP: 30/88 MP: 10/10
  7619 | D:9      | Noticed a two-headed ogre
  7632 | D:9      | Killed a two-headed ogre
  7633 | D:9      | Reached skill level 13 in Axes
  7654 | D:9      | Reached skill level 1 in Stealth
  7690 | D:10     | Entered Level 10 of the Dungeon
  7731 | D:10     | Noticed Maurice
  8029 | D:9      | Reached skill level 5 in Shields
  8143 | D:9      | Noticed Zigma's ghost (journeyman DrTm)
  8572 | D:9      | Found a transporter.
  8816 | D:10     | Noticed Psyche
  8826 | D:10     | Killed Psyche
  8827 | D:10     | Reached skill level 14 in Axes
  8916 | D:10     | Found a staircase to the Lair.
  9000 | D:10     | Reached XP level 11. HP: 72/97 MP: 11/11
  9002 | D:10     | Killed Maurice
  9248 | Lair:1   | Entered Level 1 of the Lair of Beasts
  9492 | D:10     | Found an ornate altar of the Wu Jian Council.
  9519 | D:10     | Fell from the grace of Ru
  9519 | D:10     | Became a worshipper of the Wu Jian Council
  9760 | D:10     | Noticed a two-headed ogre
  9768 | D:10     | Killed a two-headed ogre
  9917 | D:10     | Noticed a two-headed ogre
  9934 | D:10     | Killed a two-headed ogre
 10278 | D:11     | Noticed a manticore
 11082 | D:8      | Reached * piety under Wu Jian
 11208 | D:8      | Noticed a cyclops
 11253 | D:8      | Reached skill level 15 in Axes
 11259 | D:8      | Killed a cyclops
 11260 | D:8      | Reached skill level 10 in Fighting
 11298 | D:8      | Noticed a two-headed ogre
 11324 | D:8      | Killed a two-headed ogre
 11694 | D:8      | Reached skill level 10 in Armour
 11727 | D:8      | Identified the +6 spear of Ustaon {protect, *Corrode rPois
                  | Will+ Str+2}
 11727 | D:8      | Noticed a rakshasa
 11739 | D:8      | Killed a rakshasa
 11740 | D:8      | Reached XP level 12. HP: 81/107 MP: 12/12
 12067 | D:8      | Identified the +1 mace of Destiny {drain, rElec Int-2 Dex+8
                  | Stlth+}
 13119 | Lair:1   | Reached skill level 16 in Axes
 13186 | Lair:1   | Reached ** piety under Wu Jian
 14415 | Lair:2   | Noticed an eight-headed hydra
 14639 | Lair:2   | Found a runed translucent door.
 14640 | Lair:2   | Found a shimmering altar of Xom.
 14640 | Lair:2   | Noticed herdos3's ghost (journeyman MiBe)
 14642 | Lair:2   | Noticed a +4 demon whip of chaos
 14829 | Lair:2   | HP: 1/110 [nine-headed hydra (9)]
 15066 | Lair:2   | Slain by a nine-headed hydra

Illustrated notes

Levels and vault maps discovered:
D:1:      erik_arrival_triangle_huge, layout_rooms, nrook_campfire,
          minmay_tetromino_i4
D:2:      layout_loops_ring, shapermc_ecumenical_altar_mp_ritualfount,
          minmay_joined_circles
D:3:      layout_basic, gammafunk_ghost_smash
D:4:      layout_cave_pools, nicolae_vehumet_altar_sigil,
          fedhas_altar_fruit_tree, uniq_ijyb
D:5:      layout_rooms, okawaru_trees_2, bloody_makhleb,
          gammafunk_temple_overflow_wave, serial_shops, shop
D:6:      layout_rooms, mainiacjoe_overflow_brackets, uniq_menkaure
D:7:      layout_basic, tgw_trog, temple_pool_b
D:8:      minmay_the_grid_plus_closed [minmay_the_grid_garden,
          minmay_the_grid_square_x, minmay_the_grid_embedded,
          minmay_the_grid_mess, minmay_the_grid_prize_four_corners_diamond_a],
          layout_basic, kennysheep_nondescript
D:9:      layout_long_grid, gammafunk_ghost_stat_death, grunt_ministairs_2
D:10:     layout_loops_cross, mainiacjoe_overflow_alcove_1,
          due_lair_maze_entry_diamond, kennysheep_generic_room_10, uniq_psyche,
          uniq_maurice
D:11:     layout_cross, serial_shops, shop, minmay_misc_feat_enclosed
Lair:1:   layout_regular_city, grunt_megastairs_4, serial_bayou_shore_b
Lair:2:   layout_cave_pods, ebering_ghost_xom, basic_altar, serial_bayou_pond_c,
          lemuel_fruit_tree
Lair:3:   layout_roguey, minmay_swamp_entry_worms,
          nicolae_spider_entry_tight_spaces

Skill      XL: |  1  2  3  4  5  6  7  8  9 10 11 12 |
---------------+-------------------------------------+-----
Axes           | 3 4 5 6 8 10 12 14 15 16 | 16.5
Armour         | 4 5 6 7 8 10 | 10.8
Fighting       | 4 5 6 7 9 10 11 | 11.1
Dodging        | 1 2 3 4 |  4.2
Shields        | 4 5 6 |  6.2
Evocations     | 1 2 3 |  3.4
Stealth        | 1 2 |  2.0
Throwing       | |  0.9

Action                   |  1- 3 |  4- 6 |  7- 9 | 10-12 || total
-------------------------+-------+-------+-------+-------++-------
Melee: War axe           |    85 |   170 |   343 |   364 ||   962
       Battleaxe         |       |       |       |   183 ||   183
 Fire: Hand crossbow     |       |       |       |     2 ||     2
Throw: Stone             |       |       |    10 |       ||    10
Invok: Lunge             |       |       |       |    20 ||    20
       Whirlwind         |       |       |       |    16 ||    16
Evoke: Wand              |       |       |    15 |    28 ||    43
  Use: Scroll            |       |     4 |    10 |    11 ||    25
       Potion            |       |     1 |     4 |     1 ||     6
Armor: Scale mail        |    42 |    80 |    93 |   145 ||   360
Dodge: Dodged            |    36 |    82 |   149 |   273 ||   540
Block: Buckler           |    15 |    33 |    67 |    67 ||   182

Table legend: (Time is in decaauts)
 A = Elapsed time spent in this place.
 B = Non-inter-level travel time spent in this place.
 C = Inter-level travel time spent in this place.
 D = Time resting spent in this place.
 E = Time spent auto-exploring this place.
 F = Levels seen in this place.
 G = Mean time per level.
                   A        B        C        D        E       F      G
               +--------+--------+--------+--------+--------+-----+--------+
         Total |  15096 |  15096 |      0 |   3011 |   4257 |  14 | 1078.3 |
       Dungeon |  12846 |  12846 |      0 |   2772 |   3811 |  11 | 1167.8 |
          Lair |   2249 |   2249 |      0 |    239 |    446 |   3 |  749.7 |
               +--------+--------+--------+--------+--------+-----+--------+

Top non-repeatable levels by time:
     D:8: 2568 daAuts
    D:10: 1725 daAuts
     D:9: 1451 daAuts
     D:7: 1349 daAuts
     D:4: 1336 daAuts
  Lair:1: 1259 daAuts
     D:6: 1038 daAuts
     D:2: 1014 daAuts
     D:5: 983 daAuts
  Lair:2: 876 daAuts
     D:3: 731 daAuts
     D:1: 627 daAuts
  Lair:3: 113 daAuts
    D:11: 19 daAuts
